AoeStats
← LowkeyTurkey

Black Forest

508566397Analyzed
2v2 RM · 11d ago on Sep 23, 2026· 58m 34s· 4 players
Game mode
Random Map
Map size
Medium (4 player)
Population
200
Speed
Normal
Resources
Standard
Victory
Conquest
Starting age
Dark Age
Ending age
Imperial Age
RankedLock teamsTeams togetherTeam positionsShared explorationLock speedFull tech treeHidden civsTurbo modeCheats
Victory
Defeat
🇺🇸 Spanish · United States
854
+11
🇺🇸 Turks · United States
847
+11
🇧🇷 Aztecs · Brazil
753
-11
🇦🇺 Khmer · Australia
737
-11
RAGEING CORPSE
1:29 Loom
12:29 Feudal Age
13:46 Wheelbarrow
13:26 Horse Collar
17:20 Double-Bit Axe
23:32 Castle Age
22:33 Stone Mining
23:25 Gold Mining
24:28 Bow Saw
30:56 Heavy Plow
31:40 Caravan
36:08 Imperial Age
35:21 Light Cavalry
37:39 Coinage
38:27 Stone Shaft Mining
38:32 Gold Shaft Mining
38:01 Capped Ram
39:45 Crop Rotation
39:42 Double Crossbow
42:46 Chemistry
48:33 Heavy Scorpion
48:48 Pikeman
Chuck Badaluh
0:30 Loom
10:53 Feudal Age
11:21 Horse Collar
11:43 Double-Bit Axe
12:15 Town Watch
12:07 Man-at-Arms
16:18 Arson
19:59 Gold Mining
22:45 Castle Age
20:45 Gold Mining
20:47 Stone Mining
22:25 Forging
22:06 Fletching
22:34 Scale Mail Armor
22:47 Long Swordsman
24:28 Stone Shaft Mining
24:29 Gold Shaft Mining
23:56 Heavy Plow
24:24 Bow Saw
25:24 Gambesons
25:41 Squires
25:03 Crossbowman
29:10 Wheelbarrow
29:20 Ballistics
31:47 Town Patrol
34:20 Imperial Age
32:31 Caravan
35:08 Iron Casting
36:45 Chemistry
36:07 Hand Cart
35:56 Town Patrol
36:30 Garland Wars
36:34 Conscription
36:51 Two-Handed Swordsman
36:53 Arbalester
40:20 Siege Engineers
41:37 Elite Jaguar Warrior
43:06 Champion
45:11 Crop Rotation
45:22 Elite Skirmisher
48:25 Blast Furnace
47:40 Chain Mail Armor
47:21 Bodkin Arrow
47:26 Padded Archer Armor
49:22 Pikeman
51:33 Onager
LowkeyTurkey
2:53 Loom
11:43 Feudal Age
12:23 Double-Bit Axe
15:26 Wheelbarrow
19:48 Castle Age
21:33 Bow Saw
23:53 Caravan
25:41 Fervor
26:25 Hand Cart
29:15 Forging
29:10 Scale Barding Armor
29:06 Padded Archer Armor
31:12 Caravan
32:24 Bloodlines
31:41 Crossbowman
35:35 Imperial Age
33:10 Husbandry
37:36 Two-Man Saw
36:28 Gold Mining
36:29 Stone Mining
37:24 Iron Casting
37:52 Thumb Ring
40:17 Chain Barding Armor
40:58 Blast Furnace
40:14 Leather Archer Armor
40:52 Ballistics
44:18 Heavy Camel Rider
46:46 Plate Barding Armor
50:38 Murder Holes
55:55 Man-at-Arms
Red Hot Dabs
8:29 Loom
10:57 Feudal Age
16:27 Castle Age
14:32 Horse Collar
14:52 Stone Mining
16:57 Double-Bit Axe
19:17 Fletching
24:37 Wheelbarrow
26:12 Bodkin Arrow
27:18 Bow Saw
28:08 Fortified Wall
29:10 Padded Archer Armor
29:59 Hand Cart
32:34 Imperial Age
29:29 Pikeman
29:55 Gambesons
31:01 Bloodlines
32:00 Scale Mail Armor
32:33 Man-at-Arms
33:14 Squires
33:17 Husbandry
32:39 Cavalier
32:42 Light Cavalry
33:52 Conscription
34:14 Elite Conquistador
36:21 Bracer
37:09 Hoardings
36:56 Gold Mining
38:27 Two-Man Saw
38:25 Hussar
40:12 Paladin
42:23 Caravan
43:35 Heavy Plow
43:34 Long Swordsman
44:00 Arson
46:30 Forging
46:27 Scale Barding Armor
46:37 Leather Archer Armor
48:40 Iron Casting
Connection lost

Rejoining the realm…

Still unreachable

The connection could not be restored.

Session expired

The server has moved on; the page needs a fresh start.